 Dungeon Crawl Stone Soup version 0.30-a0-354-g6b83867211 (webtiles) character file.

Game seed: 11543984241497204387

9504 iguanaiguana the Skirmisher (level 11, 0/64 HPs)
             Began as an Octopode Brigand on Nov 8, 2022.
             Was a Believer of Hepliaklqana.
             Killed from afar by an acid dragon (25 damage)
             ... with a splash of acid
             ... on level 10 of the Dungeon.
             The game lasted 00:35:16 (10615 turns).

iguanaiguana the Skirmisher (Octopode Brigand)     Turns: 10615, Time: 00:35:16

Health: 0/64       AC:  1    Str: 11    XL:     11   Next: 47%
Magic:  11/11      EV: 16    Int: 14    God:    Hepliaklqana [**....]
Gold:   523        SH:  0    Dex: 17    Spells: 10/10 levels left

rFire   . . .      SeeInvis .    b - +0 shortbow
rCold   . . .      Faith    .    (shield currently unavailable)
rNeg    . . .      Spirit   .    (helmet restricted)
rPois   +          Reflect  .    (no amulet)
rElec   .          Harm     .    I - ring of poison resistance
rCorr   .          Rampage  .    (no ring)
Will    .....                    (no ring)
Stlth   ++++++....               (no ring)
HPRegen 0.30/turn                (no ring)
MPRegen 0.12/turn                (no ring)
                                 (no ring)
                                 (no ring)

@: studying Fire Magic
A: reduced essence, almost no armour, amphibious, 8 rings, camouflage 1,
gelatinous body 1, (nimble swimmer 1), tentacles
a: Renounce Religion, Recall Ancestor, Ancestor Identity


You were on level 10 of the Dungeon.
You worshipped Hepliaklqana.
Hepliaklqana was pleased with you.
You visited 2 branches of the dungeon, and saw 11 of its levels.
You also visited: Bailey.

You collected 589 gold pieces.
You spent 66 gold pieces at shops.

Inventory:

Hand Weapons
 a - a +2 dagger of venom
 b - a +0 shortbow (weapon)
 v - the +1 dagger of Foolhardiness {vorpal, rElec rN++ Int+2 Stlth+}
   (You found it on level 3 of the Dungeon)

   It inflicts extra damage upon your enemies.
   Int:       It affects your intelligence (+2).
   rElec:     It insulates you from electricity.
   rN:        It greatly protects you from negative energy.
   Stlth:     It makes you more stealthy.
Missiles
 c - 8 curare-tipped darts
 i - a throwing net
 q - 48 poisoned darts
Jewellery
 l - a ring of ice
 I - a ring of poison resistance (left tentacle)
Wands
 o - a wand of iceblast (4) {@v2}
 s - a wand of light (2)
 A - a wand of paralysis (3)
Scrolls
 f - 3 scrolls of vulnerability
 h - 6 scrolls of magic mapping {@r5}
 j - 2 scrolls of blinking {@r4}
 k - 2 scrolls of teleportation {@r3}
 m - 2 scrolls of poison {unknown}
 n - a scroll of butterflies {unknown}
 u - 3 scrolls of amnesia {unknown}
 x - 2 scrolls of fear {unknown}
 y - 4 scrolls of enchant weapon
 z - a scroll of summoning
 B - a scroll of brand weapon {unknown}
 F - 2 scrolls of immolation {unknown}
 G - 5 scrolls of enchant armour
 H - a scroll of silence {unknown}
Potions
 d - 8 potions of curing {@q1}
 e - a potion of attraction {unknown}
 g - 4 potions of brilliance
 p - 2 potions of haste {@q4}
 r - a potion of flight
 t - 4 potions of magic
 C - a potion of resistance {unknown}
 E - 2 potions of berserk rage {unknown}
 J - 2 potions of heal wounds {@q2}
 K - 2 potions of might {unknown}
 L - 3 potions of mutation {unknown}
 M - 2 potions of invisibility {unknown}


   Skills:
 - Level 5.3 Fighting
 - Level 6.0 Short Blades
 + Level 13.2 Ranged Weapons
 - Level 2.0 Throwing
 - Level 6.5 Dodging
 - Level 10.0 Stealth


You had 10 spell levels left.
You didn't know any spells.
Your spell library contained the following spells:

 Spells                   Type           Power      Damage    Failure   Level
 Beastly Appendage        Tmut           0%         N/A       28%         1
 Kiss of Death            Conj/Necr      0%         2d5       28%         1
 Cigotuvi's Dreadful Rot  Necr/Pois/Air  0%         N/A       41%         2
 Poisonous Vapours        Pois/Air       0%         N/A       41%         2
 Sublimation of Blood     Necr           0%         N/A       41%         2
 Wereblood                Tmut           0%         N/A       41%         2
 Confusing Touch          Hex            0%         N/A       65%         3
 Hailstorm                Conj/Ice       0%         3d3       65%         3
 Inner Flame              Hex/Fire       0%         N/A       65%         3
 Mephitic Cloud           Conj/Pois/Air  0%         N/A       65%         3
 Spider Form              Tmut/Pois      0%         N/A       65%         3
 Dispel Undead            Necr           0%         3d6       96%         4
 Flame Wave               Conj/Fire      0%         2d4       96%         4
 Ice Form                 Ice/Tmut       0%         N/A       96%         4
 Petrify                  Tmut/Erth      0%         N/A       96%         4
 Sticky Flame             Conj/Fire      0%         2d3       96%         4
 Summon Lightning Spire   Summ/Air       0%         N/A       96%         4
 Irradiate                Conj/Tmut      0%         3d11      100%        5
 Simulacrum               Ice/Necr       0%         N/A       100%        6
 Storm Form               Tmut/Air       0%         N/A       100%        7
 Maxwell's Capacitive Co  Air            0%         ∞         100%        8


Dungeon Overview and Level Annotations

Branches:
Dungeon (10/15) Zot: 26515  Temple (1/1) D:5 Zot: 5982    Lair (0/5) D:9
 Bailey (visited)
    Orc: D:9-12

Altars:
Ashenzari
Cheibriados
Dithmenos
Elyvilon
Fedhas
Hepliaklqana
Kikubaaqudgha
Nemelex Xobeh
Okawaru
Ru
Sif Muna
Trog
Uskayaw
Vehumet
Wu Jian
Xom
Zin
The Shining One

Shops:
D:4 *   D:5 (   D:6 (

Annotations:
D:2 1 runed translucent door, Crazy Yiuf
D:7 2 transporters, DeathPants's ghost, novice HOFi
D:9 2 transporters


Innate Abilities, Weirdness & Mutations

Your life essence is reduced to manifest your ancestor. (-10% HP)
You cannot wear most types of armour.
You are amphibious.
You can wear up to eight rings at the same time.
Your skin changes colour to match your surroundings (Stealth+).
Your rubbery body absorbs attacks. (AC +1, EV +1)
((You are camouflaged when in or above water. (Stealth+)))
You have tentacles for arms and can constrict up to eight enemies at once.


Message History

You shoot an arrow. Takurtum avoids your attack.
The arrow hits the centaur!
The centaur is heavily wounded.
Something hits you.
Deactivating autopickup; reactivate with Ctrl-A.
The centaur shoots an arrow.
The arrow barely misses Takurtum.
The arrow hits you!
You shoot an arrow. Takurtum avoids your attack.
The arrow hits the centaur.
The centaur is severely wounded.
The centaur shoots an arrow.
The arrow hits Takurtum!
Takurtum hits the centaur with a +0 flail.
You shoot an arrow. Takurtum avoids your attack.
The arrow hits the centaur.
The centaur is almost dead.
The centaur unwields a +0 shortbow.
The centaur completely misses Takurtum.
Takurtum blocks the centaur's attack.
You shoot an arrow. Takurtum avoids your attack.
The arrow barely misses the centaur.
The centaur wields a +0 shortbow.
The centaur shoots an arrow.
Takurtum blocks the arrow.
Something hits you.
Takurtum hits the centaur with a +0 flail!
The centaur dies!
No target in view!
Search for what [Enter for "ranged", or ? for help]? bow Something hits you. x2
Unknown command.
You shoot an arrow.
Takurtum misses something.
Something hits you.
You are too injured to fight recklessly!
You swap places.
Something hits you.
Takurtum hits something with a +0 flail!
Something hits you!
* * * LOW HITPOINT WARNING * * *
You are too injured to fight recklessly!
Something hits you!
* * * LOW HITPOINT WARNING * * *
Takurtum hits something with a +0 flail!
Takurtum hits something with a +0 flail.
Takurtum blocks something's attack.
Takurtum misses something.
Something hits Takurtum.
Takurtum blocks something's attack.
The acid dragon spits acid at you. The splash of acid hits you!!
You die...

......... ......... ##
.....>..##.## ..
........8..$#._.
....D?D....$#...
#.###+#.R..$#...
#.#.8..$#._. #.#.##)## .
#..@.### ...###
#.#...#######+ ....#
#.#........... #...# #
#..#.......# ## #...## ..
#.........## ... +....#
...#.........# #..#....#
.#.#.........#
#..#....###.#.#.>.......#
#...........#.#.#########


You could see the friendly Takurtum the knight and an acid dragon (catching
breath).

Vanquished Creatures
  A two-headed ogre (D:9)
  Pikel (D:4)
  4 orc knights (Bailey)
  2 wyverns
  A vampire (D:9)
  A warg (D:9)
  An acid dragon (D:6)
  A water moccasin (D:5)
  5 orc warriors
  2 ice beasts (D:5)
  An ogre (D:5)
  A black bear (D:4)
  2 centaurs (D:6)
  3 lemures
  A phantom (D:5)
  A kobold brigand (D:10)
  A necrophage (D:4)
  3 bullfrogs
  A scorpion (D:5)
  3 wights (D:8)
  13 killer bees
  A howler monkey (D:5)
  6 orc priests
  5 hounds
  2 jellies (D:6)
  Natasha (thrice) (D:3)
  5 iguanas
  7 orc wizards
  Robin (D:2)
  17 gnolls
  7 adders
  An ufetubus (D:4)
  2 dart slugs (D:1)
  31 orcs
  7 bats
  6 endoplasms
  5 giant cockroaches
  19 goblins
  13 hobgoblins
  7 jackals
  12 kobolds
  3 quokkas
  5 ball pythons
  3 frilled lizards
  3 rats
220 creatures vanquished.

Vanquished Creatures (collateral kills)
  A wyvern (D:8)
  A steam dragon (D:8)
  A warg (D:9)
  2 acid dragons
  A water moccasin (D:9)
  Duvessa (D:7)
  2 orc warriors
  A black bear (D:7)
  2 centaurs
  3 kobold brigands
  A bullfrog (D:8)
  2 gnoll sergeants
  4 wights
  Dowan (D:7)
  10 killer bees
  2 gnoll boudas
  4 orc priests
  2 orc wizards
  2 gnolls (D:8)
  A white imp (D:6)
  9 orcs
  2 goblins (D:7)
  4 kobolds
59 creatures vanquished.

Vanquished Creatures (others)
  A bullfrog (D:6)
  An iguana (D:6)
  2 knights
  7 ancestors
  A white imp (D:6)
  A plant (D:9)
13 creatures vanquished.

Grand Total: 292 creatures vanquished

Notes
Turn   | Place    | Note
-------+----------+-------------------------------------------
     0 | D:1      | iguanaiguana the Octopode Brigand began the quest for the
                  | Orb.
     0 | D:1      | Reached XP level 1. HP: 14/14 MP: 1/1
    77 | D:1      | Reached XP level 2. HP: 9/19 MP: 2/2
   356 | D:1      | Reached XP level 3. HP: 24/24 MP: 3/3
   917 | D:1      | Reached XP level 4. HP: 25/29 MP: 4/4
   979 | D:2      | Noticed Robin
  1191 | D:2      | Found a runed translucent door.
  1192 | D:2      | Noticed Crazy Yiuf
  1306 | D:2      | Killed Robin
  1679 | D:3      | Reached skill level 1 in Ranged Weapons
  1742 | D:3      | Identified the +1 dagger of Foolhardiness {vorpal, rElec
                  | rN++ Int+2 Stlth+}
  1774 | D:3      | Identified the +1 leather armour of Qienith {rPois}
  1823 | D:3      | Noticed Natasha
  1827 | D:3      | Reached XP level 5. HP: 25/34 MP: 5/5
  1835 | D:3      | Killed Natasha
  1902 | D:3      | Reached skill level 2 in Ranged Weapons
  2020 | D:3      | Identified the +1 ring mail of the Mackerel {-Cast Fly
                  | Str+4 SInv}
  2272 | D:3      | Reached skill level 5 in Short Blades
  2399 | D:3      | Noticed Natasha
  2404 | D:3      | Killed Natasha
  2586 | D:3      | Noticed Natasha
  2589 | D:3      | Killed Natasha
  2590 | D:3      | Reached skill level 3 in Ranged Weapons
  2590 | D:3      | Reached XP level 6. HP: 39/39 MP: 6/6
  3034 | D:4      | Found a sacrificial altar of Ru.
  3242 | D:4      | Noticed Pikel
  3251 | D:4      | Killed Pikel
  3252 | D:4      | Reached XP level 7. HP: 32/48 MP: 7/7
  3394 | D:4      | Found Weewix's Assorted Antiques.
  3404 | D:4      | Bought a glowing purple potion for 21 gold pieces
  3404 | D:4      | Bought a scroll labelled QAWOWIZE HISODA for 24 gold pieces
  3404 | D:4      | Bought a brown potion for 21 gold pieces
  3442 | D:4      | Reached XP level 8. HP: 54/54 MP: 8/8
  3838 | D:5      | Entered Level 5 of the Dungeon
  3865 | D:5      | Found a staircase to the Ecumenical Temple.
  3889 | Temple   | Entered the Ecumenical Temple
  3898 | Temple   | Became a worshipper of Hepliaklqana the Forgotten
  4063 | D:5      | Found a hide-covered altar of Uskayaw.
  4369 | D:5      | Found Feudipno's Weapon Shop.
  4437 | D:5      | Reached skill level 10 in Stealth
  4460 | D:5      | Found a broken altar of Ashenzari.
  4911 | D:5      | Reached skill level 5 in Dodging
  4911 | D:5      | Reached XP level 9. HP: 59/59 MP: 9/9
  5119 | D:6      | Found Teutog's Weapon Emporium.
  5480 | D:6      | Reached skill level 5 in Fighting
  6071 | D:6      | Reached * piety under Hepliaklqana
  6461 | D:7      | Reached skill level 4 in Ranged Weapons
  6567 | D:7      | Found a flagged portal.
  6572 | Bailey   | Entered a bailey
  6814 | Bailey   | Noticed an orc knight
  6814 | Bailey   | Noticed an orc knight
  6814 | Bailey   | Noticed an orc knight
  6824 | Bailey   | Reached skill level 5 in Ranged Weapons
  6833 | Bailey   | Killed an orc knight
  6833 | Bailey   | Killed an orc knight
  6834 | Bailey   | Reached skill level 7 in Ranged Weapons
  6834 | Bailey   | Reached XP level 10. HP: 59/59 MP: 10/10
  6860 | Bailey   | Killed an orc knight
  6861 | Bailey   | Reached skill level 8 in Ranged Weapons
  7138 | Bailey   | Noticed an orc knight
  7156 | Bailey   | Killed an orc knight
  7157 | Bailey   | Reached skill level 9 in Ranged Weapons
  7634 | D:7      | Found a white marble altar of Elyvilon.
  7786 | D:7      | Reached skill level 10 in Ranged Weapons
  7975 | D:7      | Noticed Duvessa
  7976 | D:7      | Noticed Dowan
  7989 | D:7      | Killed Duvessa
  7992 | D:7      | Killed Dowan
  8095 | D:7      | Found a transporter.
  8112 | D:7      | Noticed DeathPants's ghost (novice HOFi)
  8113 | D:7      | Found a bloodstained altar of Trog.
  8124 | D:7      | Found a transporter.
  8125 | D:7      | Noticed a moth of wrath
  8295 | D:8      | Reached ** piety under Hepliaklqana
  8296 | D:8      | Remembered your ancestor Takurtum as a knight
  8451 | D:8      | Reached skill level 11 in Ranged Weapons
  8723 | D:8      | Reached XP level 11. HP: 64/64 MP: 11/11
  9100 | D:9      | Found a glowing golden altar of the Shining One.
  9337 | D:9      | Reached skill level 12 in Ranged Weapons
  9417 | D:9      | Found a transporter.
  9662 | D:9      | Found a sparkling altar of Nemelex Xobeh.
  9874 | D:9      | Found a staircase to the Lair.
  9919 | D:9      | Found a transporter.
 10127 | D:10     | Entered Level 10 of the Dungeon
 10127 | D:10     | Noticed a two-headed ogre
 10147 | D:9      | Killed a two-headed ogre
 10148 | D:9      | Reached skill level 13 in Ranged Weapons
 10600 | D:10     | Found an ancient bone altar of Kikubaaqudgha.
 10602 | D:10     | Found a shimmering altar of Xom.
 10615 | D:10     | Killed from afar by an acid dragon

Illustrated notes

Levels and vault maps discovered:
D:1:      minmay_arrival_glassed_features, layout_loops_ring,
          minmay_split_cup_small
D:2:      layout_basic, uniq_crazy_yiuf_cottage, uniq_robin
D:3:      layout_basic, uniq_natasha
D:4:      layout_loops_ring, nicolae_ru_great_annihilating_truth, serial_shops,
          shop, uniq_pikel
D:5:      layout_basic, nicolae_uskayaw_suspiria, evilmike_ruin_ashenzari,
          minmay_temple_entry_ruins, serial_shops, kennysheep_mini_moat,
          minmay_misc_feat_tower
D:6:      layout_loops_ring, serial_shops, nicolae_stop_n_shop_1,
          minmay_manual_mail
D:7:      layout_rooms, elyvilon_altar_5, enter_bailey_3,
          gammafunk_ghost_wrathful_warriors, uniq_duvessa
D:8:      minmay_angry_zag, layout_basic, chequers_serial_rivers_micro_a
D:9:      gammafunk_beogh_shrine, layout_small_grid, nemelex_spade_bored_becter,
          lemuel_round_altar, erik_lair_orcish_takeover
D:10:     kennysheep_seaside_town, layout_basic, jmf_multi_god_temple
Temple:   eino_temple_lava

Skill      XL: |  1  2  3  4  5  6  7  8  9 10 11 |
---------------+----------------------------------+-----
Short Blades   | 3 4 5 6 |  6.0
Ranged Weapons | 1 3 7 11 13 | 13.2
Fighting       | 4 5 |  5.3
Dodging        | 3 4 5 6 |  6.5
Stealth        | 10 | 10.0
Throwing       | |  2.0

Action                   |  1- 3 |  4- 6 |  7- 9 | 10-12 || total
-------------------------+-------+-------+-------+-------++-------
Melee: Dagger            |    65 |   131 |   132 |    38 ||   366
       Constrict         |    15 |    31 |    26 |     8 ||    80
       Tentacles         |     6 |    31 |    35 |    14 ||    86
       Punch             |     1 |       |     4 |     2 ||     7
       Shortbow          |       |       |       |     2 ||     2
 Fire: Sling             |       |    12 |     5 |       ||    17
       Shortbow          |       |       |    32 |   343 ||   375
Throw: Dart              |     1 |       |     7 |     6 ||    14
       Throwing net      |       |       |       |     1 ||     1
Invok: Recall Ancestor   |       |       |       |     9 ||     9
       Ancestor Life: Kn |       |       |       |     1 ||     1
Evoke: Wand              |       |     2 |    15 |     1 ||    18
  Use: Scroll            |       |       |    15 |     2 ||    17
       Potion            |       |       |     4 |     4 ||     8
 Stab: Sleeping          |    13 |    13 |    10 |       ||    36
       Distracted        |       |     3 |     1 |       ||     4
       Invisible         |       |     1 |     2 |       ||     3
       Paralysed         |       |     1 |       |       ||     1
       Held in net/web   |       |       |       |     2 ||     2
Armor: Skin              |     7 |     7 |     6 |     3 ||    23
Dodge: Dodged            |    35 |    56 |    92 |    79 ||   262
Block: Buckler           |     2 |    20 |    20 |       ||    42

Table legend: (Time is in decaauts)
 A = Elapsed time spent in this place.
 B = Non-inter-level travel time spent in this place.
 C = Inter-level travel time spent in this place.
 D = Time resting spent in this place.
 E = Time spent auto-exploring this place.
 F = Levels seen in this place.
 G = Mean time per level.
                   A        B        C        D        E       F      G
               +--------+--------+--------+--------+--------+-----+--------+
         Total |  10516 |  10032 |    484 |   1417 |   6342 |  12 |  876.3 |
       Dungeon |   9784 |   9307 |    477 |   1285 |   5991 |  10 |  978.4 |
        Temple |     17 |     10 |      7 |      0 |      0 |   1 |   17.0 |
        Bailey |    714 |    714 |      0 |    132 |    351 |   1 |  714.0 |
               +--------+--------+--------+--------+--------+-----+--------+

Top non-repeatable levels by time:
     D:5: 1565 daAuts
     D:3: 1228 daAuts
     D:9: 1192 daAuts
     D:4: 1142 daAuts
     D:6: 1070 daAuts
     D:1: 951 daAuts
     D:8: 938 daAuts
     D:7: 831 daAuts
  Bailey: 714 daAuts
     D:2: 624 daAuts
    D:10: 239 daAuts
  Temple: 17 daAuts
